 Seeded DCSS version 0.32-a0-473-gd044c6f0f0 (webtiles) character file.

Game seed: 3342665431591073458 (custom seed)

14058 CougarLife the Geomancer (level 12, -2/59 HPs)
             Began as a Gargoyle Earth Elementalist on Feb 25, 2024.
             Was a High Priest of Vehumet.
             Slain by a wyvern (14 damage)
             ... on level 11 of the Dungeon.
             The game lasted 00:24:51 (13537 turns).

CougarLife the Geomancer (GrEE)                    Turns: 13537, Time: 00:24:52

Health: -2/59      AC: 16    Str: 13    XL:     12   Next: 12%
Magic:  4/26       EV: 11    Int: 20    God:    Vehumet [*****.]
Gold:   749        SH:  0    Dex: 10    Spells: 18/32 levels left

rFire   . . .        B - staff of conjuration
rCold   . . .        (no shield)
rNeg    + . .        G - +0 steam dragon scales
rPois   ∞            l - +0 helmet
rElec   +            K - +0 cloak {rCorr}
rCorr   +            a - +0 pair of gloves
SInv    .            (no boots)
Will    .....        v - amulet of magic regeneration
Stlth   ++           g - ring of resist corrosion
HPRegen 0.29/turn    (no ring)
MPRegen 0.60/turn

%: no passive effects
@: studying Short Blades
A: sickness immunity, AC +8, negative energy resistance 1, electricity
resistance, torment resistance 1, petrification resistance
a: Renounce Religion


You were on level 11 of the Dungeon.
You worshipped Vehumet.
Vehumet was extremely pleased with you.
You visited 2 branches of the dungeon, and saw 12 of its levels.
You also visited: Sewer, Ossuary and Bailey.

You collected 749 gold pieces.

Inventory:

Missiles
 o - 2 throwing nets
Armour
 a - a +0 pair of gloves (worn)
 d - +0 swamp dragon scales
 l - a +0 helmet (worn)
 G - +0 steam dragon scales (worn)
 K - a +0 cloak of preservation (worn)
Magical Staves
 B - a staff of conjuration (weapon)
Jewellery
 g - a ring of resist corrosion (left hand)
 m - a ring of positive energy
 v - an amulet of magic regeneration (around neck)
Wands
 I - a wand of polymorph (1)
 L - a wand of charming (10)
Scrolls
 b - 2 scrolls of acquirement
 c - 6 scrolls of teleportation
 f - 2 scrolls of amnesia
 i - 4 scrolls of poison
 j - a scroll of brand weapon
 n - a scroll of silence {unknown}
 q - a scroll of blinking
 r - a scroll of noise {unknown}
 s - 2 scrolls of revelation {unknown}
 w - 2 scrolls of fear
 x - 2 scrolls of immolation
 y - 5 scrolls of fog
 A - 4 scrolls of enchant weapon {unknown}
 C - 2 scrolls of enchant armour {unknown}
 D - 2 scrolls of vulnerability
 E - a scroll of torment {unknown}
Potions
 e - 5 potions of heal wounds
 h - 3 potions of lignification
 k - 7 potions of might
 p - 5 potions of curing {unknown}
 t - 3 potions of invisibility {unknown}
 u - 6 potions of enlightenment {unknown}
 z - 2 potions of haste {unknown}
 F - a potion of magic
 H - a potion of cancellation {unknown}
 J - a potion of brilliance {unknown}
 M - a potion of mutation {unknown}


   Skills:
 - Level 1.5 Dodging
 - Level 2.1 Stealth
 + Level 10.6 Spellcasting
 + Level 12.1 Conjurations
 + Level 13.6 Earth Magic


You had 18 spell levels left.
You knew the following spells:

 Your Spells              Type           Power      Damage    Failure   Level
a - Sandblast             Erth           100%       2d20      0%          1
b - Stone Arrow           Conj/Erth      100%       3d13      1%          3
c - Freezing Cloud        Conj/Ice/Air   20%        6-21      10%         5
d - Arcjolt               Conj/Air       25%        1d35      4%          5

Your spell library contained the following spells:

 Spells                   Type           Power      Damage    Failure   Level
 Shock                    Conj/Air       100%       1d9       1%          1
 Sting                    Conj/Alch      100%       1d9       1%          1
 Passwall                 Erth           60%        N/A       1%          3
 Brom's Barrelling Bould  Conj/Erth      76%        2d9       1%          4
 Petrify                  Alch/Erth      38%        N/A       3%          4
 Apportation              Tloc           20%        N/A       7%          1
 Necrotise                Necr           40%        1d6       7%          1
 Summon Small Mammal      Summ           40%        N/A       7%          1
 Ensorcelled Hibernation  Hex/Ice        20%        N/A       10%         2
 Airstrike                Air            5%         2d(1-17)  17%         4
 Ignite Poison            Fire/Alch      10%        N/A       17%         4
 Swiftness                Air            10%        N/A       21%         3
 Fire Storm               Conj/Fire      25%        8d7       100%        9
 Cigotuvi's Dreadful Rot  Necr/Alch/Air  Unusable   N/A       N/A         2

Dungeon Overview and Level Annotations

Branches:
Dungeon (11/15)            Temple (1/1) D:7             Orc (0/2) D:9
  Sewer (visited)         Ossuary (visited)          Bailey (visited)
   Lair: D:8-11

Altars:
Ashenzari
Cheibriados
Dithmenos
Elyvilon
Fedhas
Gozag
Hepliaklqana
Kikubaaqudgha
Makhleb
Nemelex Xobeh
Okawaru
Qazlal
Ru
Sif Muna
Trog
Uskayaw
Vehumet
Wu Jian
Xom
Yredelemnul
Zin
The Shining One

Shops:
D:5 [   D:9 (

Annotations:
D:2 1 runed translucent door, Crazy Yiuf
D:3 3 runed translucent doors, ezpacito's ghost, weakling DsCK
D:11 Gastronok


Innate Abilities, Weirdness & Mutations

You are immune to sickness and miasma.
Your stone body is resilient. (AC +8)
You are immune to poison.
You resist negative energy. (rN+)
You are resistant to electric shocks. (rElec)
You are resistant to unholy torment.
You are immune to petrification.


Message History

The two-headed ogre hits you with a +0 giant club!
The two-headed ogre hits you with a +0 giant spiked club!
* * * LOW HITPOINT WARNING * * *
Casting: Arcjolt (dangerous; 4% risk of failure)
Confirm with . or Enter, or press ? or * to list all spells.
You feel a surge of power!
Electricity surges outward!
The two-headed ogre is struck by an electric surge!
You kill the two-headed ogre!
Vehumet accepts your kill.
You hear an angry hiss.
A killer bee comes into view.
The killer bee moves out of view.
The bat misses you.
Casting: Arcjolt (dangerous; 4% risk of failure)
Confirm with . or Enter, or press ? or * to list all spells.
You feel a surge of power!
Electricity surges outward!
The bat is struck by an electric surge!!
You kill the bat!
The bat's corpse disappears in a puff of smoke!
The river rat is struck by an electric surge!!
You kill the river rat!
The river rat's corpse disappears in a puff of smoke!
The rat is struck by an electric surge!!
You kill the rat!
The rat's corpse disappears in a puff of smoke!
You hear an angry hiss.
You hear a shout!
You hear an angry hiss.
You hear an angry buzzing noise. x2
A wyvern comes into view.
You feel a sudden, passing aversion to salt.
You see here a water moccasin corpse.
The wyvern completely misses you.
Casting: Arcjolt (dangerous; 4% risk of failure)
Confirm with . or Enter, or press ? or * to list all spells.
You feel a surge of power!
Electricity surges outward!
The wyvern is struck by an electric surge!
The wyvern is moderately wounded.
The wyvern bites you.
* * * LOW HITPOINT WARNING * * *
The wyvern bites you!
You die...

#.#
###.######################
#...........#.............
#.#.###..............####.
#.#.###.................#.
# #.....................#.
#....#................#.
.........<..........#####.
..#.####.@..........### #.
.........k.....#......# #.
.....###.#.......#....# #.
P.##.....###.#............#
#. .
..#.........#......##....#
#. ..♣....
#....†......##....# #.
.P..... #....#............#
#. .....k.
#.w..#####.......#####
....... #....#
#............


You could see Gastronok and a wyvern.

Vanquished Creatures
  3 two-headed ogres
  Maurice (D:8)
  Maggie (D:9)
  Jeremiah (D:9)
  An unseen horror (D:11)
  2 kobold demonologists (Bailey)
  A troll (D:11)
  A hornet (D:7)
  A shadow (D:10)
  2 wyverns
  14 yaks
  A steam dragon (D:7)
  A warg (D:9)
  2 swamp worms (D:10)
  3 acid dragons
  2 water moccasins
  7 ice beasts
  18 orc warriors
  A sky beast (D:8)
  An ogre (D:4)
  5 centaurs
  2 phantoms
  3 kobold brigands
  Blork the orc (D:5)
  5 bullfrogs
  A weeping skull (D:10)
  10 scorpions
  14 wights
  4 killer bees (D:9)
  3 electric eels
  A jelly (D:5)
  2 bombardier beetles
  A centaur zombie (Ossuary)
  2 human zombies (Ossuary)
  4 hounds
  8 orc priests
  A sleepcap (D:4)
  2 gnoll boudas (D:8)
  2 iguanas
  A scorpion zombie (Ossuary)
  Natasha (thrice) (D:2)
  6 orc wizards
  3 mummies (Ossuary)
  Robin (D:2)
  9 gnolls
  A river rat (D:6)
  8 adders
  A shadow imp (D:7)
  2 white imps
  2 ufetubi (D:7)
  3 adder zombies (Ossuary)
  2 ribbon worms
  3 dart slugs
  28 orcs
  18 ball pythons
  8 endoplasms
  5 giant cockroaches
  3 gnoll zombies (Ossuary)
  21 goblins
  9 hobgoblins
  4 jackals (D:1)
  14 kobolds
  5 quokkas
  A ball python zombie (Ossuary)
  7 bats
  3 frilled lizards
  4 jackal zombies (Ossuary)
  4 orc zombies (Ossuary)
  33 rats
  A spectral orc (D:10)
348 creatures vanquished.

Notes
Turn   | Place    | Note
-------+----------+-------------------------------------------
     0 | D:1      | CougarLife the Gargoyle Earth Elementalist began the quest
                  | for the Orb.
     0 | D:1      | Reached XP level 1. HP: 10/10 MP: 3/3
    86 | D:1      | Reached XP level 2. HP: 2/15 MP: 0/5
   333 | D:1      | Reached skill level 4 in Earth Magic
   634 | D:1      | Reached XP level 3. HP: 19/19 MP: 4/6
   963 | D:2      | Found a radiant altar of Vehumet.
   971 | D:2      | Became a worshipper of Vehumet
  1329 | D:2      | Noticed Robin
  1334 | D:2      | Killed Robin
  1429 | D:2      | Reached XP level 4. HP: 24/24 MP: 6/8
  1523 | D:2      | Noticed Natasha
  1533 | D:2      | Killed Natasha
  1972 | D:2      | Found a runed translucent door.
  1973 | D:2      | Noticed Crazy Yiuf
  2192 | D:2      | Noticed Natasha
  2253 | D:2      | Killed Natasha
  2372 | D:2      | Noticed Natasha
  2374 | D:2      | Killed Natasha
  2375 | D:2      | Reached XP level 5. HP: 28/28 MP: 7/9
  2457 | D:3      | Reached skill level 5 in Earth Magic
  2458 | D:3      | Reached * piety under Vehumet
  2458 | D:3      | Offered knowledge of Magic Dart by Vehumet.
  2582 | D:3      | Found a faded altar of an unknown god.
  2709 | D:3      | Learned a level 3 spell: Stone Arrow
  3193 | D:3      | Found a runed translucent gate.
  3194 | D:3      | Found a runed translucent gate.
  3196 | D:3      | Found a runed translucent gate.
  3197 | D:3      | Noticed a kobold brigand
  3198 | D:3      | Noticed ezpacito's ghost (weakling DsCK)
  3491 | D:4      | Reached XP level 6. HP: 31/32 MP: 5/11
  3502 | D:4      | Found a sand-covered staircase.
  3534 | Ossuary  | Entered an ossuary
  3597 | Ossuary  | Reached ** piety under Vehumet
  3597 | Ossuary  | Offered knowledge of Freeze by Vehumet.
  3875 | Ossuary  | Reached skill level 6 in Earth Magic
  3875 | Ossuary  | Reached XP level 7. HP: 36/36 MP: 3/13
  4213 | Ossuary  | Reached skill level 5 in Conjurations
  4452 | Ossuary  | Reached skill level 5 in Spellcasting
  4481 | Ossuary  | Reached skill level 7 in Earth Magic
  4665 | D:4      | Reached XP level 8. HP: 36/41 MP: 13/15
  4700 | D:4      | Got the Handbook of Tephra and Chilblains
  5007 | D:4      | Offered knowledge of Searing Ray by Vehumet.
  5685 | D:5      | Entered Level 5 of the Dungeon
  5769 | D:5      | Noticed Blork the orc
  5776 | D:5      | Killed Blork the orc
  6003 | D:5      | Found Conizxei's Armour Shoppe.
  6324 | D:5      | Reached skill level 8 in Earth Magic
  6402 | D:5      | Reached *** piety under Vehumet
  6816 | D:6      | Reached XP level 9. HP: 44/45 MP: 16/18
  7019 | D:6      | Found a glowing drain.
  7026 | Sewer    | Entered a sewer
  7155 | Sewer    | Offered knowledge of Dazzling Flash by Vehumet.
  7277 | Sewer    | Reached **** piety under Vehumet
  7281 | Sewer    | Reached skill level 9 in Earth Magic
  7705 | D:6      | Found a white marble altar of Elyvilon.
  7799 | D:6      | Identified a scroll of acquirement
  7801 | D:7      | Noticed a two-headed ogre
  7809 | D:7      | Killed a two-headed ogre
  7970 | D:7      | Noticed a +0 hand axe
  7971 | D:7      | Noticed a +0 hand axe
  8023 | D:7      | Found a hide-covered altar of Uskayaw.
  8091 | D:7      | Found a staircase to the Ecumenical Temple.
  8108 | D:7      | Noticed a hornet
  8159 | D:7      | Offered knowledge of Fulminant Prism by Vehumet.
  8180 | Temple   | Entered the Ecumenical Temple
  8367 | D:7      | Killed a hornet
  8368 | D:7      | Reached skill level 10 in Earth Magic
  8575 | D:7      | Reached XP level 10. HP: 50/50 MP: 21/21
  8865 | D:8      | Found a glowing silver altar of Zin.
  8870 | D:8      | Found a glowing golden altar of the Shining One.
  8875 | D:8      | Found a shimmering altar of Xom.
  9184 | D:8      | Found a flagged portal.
  9199 | Bailey   | Entered a bailey
  9354 | Bailey   | Reached ***** piety under Vehumet
  9370 | Bailey   | Offered knowledge of Flame Wave by Vehumet.
  9462 | Bailey   | Reached skill level 11 in Earth Magic
  9540 | Bailey   | Learned a level 5 spell: Freezing Cloud
  9575 | Bailey   | Noticed a kobold demonologist
  9578 | Bailey   | Noticed a rust devil
  9580 | Bailey   | Killed a kobold demonologist
 10032 | Bailey   | Reached skill level 10 in Conjurations
 10430 | Bailey   | Found an iron altar of Okawaru.
 10432 | Bailey   | Noticed a kobold demonologist
 10440 | Bailey   | Killed a kobold demonologist
 10474 | Bailey   | Got the Parchment of the Six Portals
 10508 | Bailey   | Identified the +0 robe "Hoag" {Fly rPois Regen+ Int-2}
 10936 | D:8      | Noticed Maurice
 10941 | D:8      | Killed Maurice
 10942 | D:8      | Reached XP level 11. HP: 37/54 MP: 18/24
 11401 | D:9      | Reached skill level 12 in Earth Magic
 11431 | D:9      | Noticed Jeremiah
 11437 | D:9      | Killed Jeremiah
 11705 | D:9      | Found a staircase to the Orcish Mines.
 11908 | D:9      | Noticed Maggie
 11913 | D:9      | Killed Maggie
 12218 | D:9      | Found Yshovvea's Weapon Emporium.
 12426 | D:10     | Entered Level 10 of the Dungeon
 12426 | D:10     | Noticed a two-headed ogre
 12631 | D:10     | Killed a two-headed ogre
 12632 | D:10     | Reached skill level 10 in Spellcasting
 12672 | D:10     | Reached skill level 13 in Earth Magic
 12994 | D:10     | Found a basalt altar of Yredelemnul.
 13222 | D:10     | Offered knowledge of Arcjolt by Vehumet.
 13230 | D:10     | Learned a level 5 spell: Arcjolt
 13472 | D:11     | Reached XP level 12. HP: 59/59 MP: 17/26
 13512 | D:11     | Noticed Gastronok
 13513 | D:11     | Noticed a two-headed ogre
 13524 | D:11     | Killed a two-headed ogre
 13537 | D:11     | Slain by a wyvern

Illustrated notes

Levels and vault maps discovered:
D:1:      minmay_arrival_stair_chambers, layout_loops_cross
D:2:      layout_basic, basic_altar, chequers_serial_rivers_marsh, uniq_robin,
          uniq_natasha, uniq_crazy_yiuf_cottage
D:3:      layout_basic, gammafunk_ghost_nasty_kobolds,
          ebering_ecumenical_altar_webs, nrook_mini_vaults, minmay_fountain_box,
          minmay_cupped
D:4:      layout_layer_cave, enter_ossuary_5
D:5:      layout_gridville, serial_shops, shop, uniq_blork_the_orc
D:6:      layout_loops_ring, elyvilon_altar_3, gup_sewer_entry_bubbles
D:7:      layout_cave_pools, dancing_weapons_uskayaw, temple_fountains
D:8:      layout_basic, minmay_overflow_temple_star_quad, enter_bailey_7,
          nicolae_grassy_gnolls, uniq_maurice
D:9:      layout_basic, david_orc_3, serial_shops, kennysheep_mini,
          uniq_jeremiah, uniq_maggie
D:10:     minmay_twisted_water, layout_rooms,
          yredelemnul_forgotten_temple_becter, worms_lemuel
D:11:     layout_basic, minmay_lair_entry_grove, minmay_misc_feat_doors,
          uniq_gastronok
Temple:   compressed_dpeg_triangle_lava_temple

Skill      XL: |  1  2  3  4  5  6  7  8  9 10 11 12 |
---------------+-------------------------------------+-----
Earth Magic    | 4 5 6 7 8 10 11 13 | 13.6
Conjurations   | 2 3 4 5 6 8 10 11 12 | 12.1
Spellcasting   | 3 4 5 6 7 9 10 | 10.6
Dodging        | |  1.5
Stealth        | |  2.1

Action                     |  1- 3 |  4- 6 |  7- 9 | 10-12 || total
---------------------------+-------+-------+-------+-------++-------
  Melee: Unarmed           |     5 |       |       |       ||     5
         Mace              |    17 |    20 |    20 |       ||    57
         Staff             |       |       |     5 |     2 ||     7
   Cast: Sandblast         |    45 |    73 |   153 |    84 ||   355
         Stone Arrow       |       |     5 |    34 |    96 ||   135
         Freezing Cloud    |       |       |       |    44 ||    44
         Arcjolt           |       |       |       |     5 ||     5
    Use: Potion            |       |     1 |       |       ||     1
         Scroll            |       |       |    10 |     4 ||    14
   Stab: Sleeping          |     1 |       |       |       ||     1
 Armour: Robe              |    32 |    64 |    54 |       ||   150
         Swamp dragon scal |       |       |    70 |       ||    70
         Steam dragon scal |       |       |       |    79 ||    79
  Dodge: Dodged            |    33 |    69 |    91 |    44 ||   237

Table legend: (Time is in decaauts)
 A = Elapsed time spent in this place.
 B = Non-inter-level travel time spent in this place.
 C = Inter-level travel time spent in this place.
 D = Time resting spent in this place.
 E = Time spent auto-exploring this place.
 F = Levels seen in this place.
 G = Mean time per level.
                   A        B        C        D        E       F      G
               +--------+--------+--------+--------+--------+-----+--------+
         Total |  13868 |  12850 |   1018 |   3382 |   5791 |  15 |  924.5 |
       Dungeon |  10845 |   9827 |   1018 |   1953 |   5446 |  11 |  985.9 |
        Temple |      1 |      1 |      0 |      0 |      0 |   1 |    1.0 |
         Sewer |    377 |    377 |      0 |     60 |    193 |   1 |  377.0 |
       Ossuary |   1147 |   1147 |      0 |    596 |      0 |   1 | 1147.0 |
        Bailey |   1495 |   1495 |      0 |    773 |    151 |   1 | 1495.0 |
               +--------+--------+--------+--------+--------+-----+--------+

Top non-repeatable levels by time:
     D:2: 1625 daAuts
  Bailey: 1495 daAuts
     D:9: 1245 daAuts
 Ossuary: 1147 daAuts
     D:8: 1116 daAuts
     D:4: 1112 daAuts
     D:5: 1071 daAuts
     D:1: 971 daAuts
     D:6: 943 daAuts
     D:3: 939 daAuts
     D:7: 849 daAuts
    D:10: 692 daAuts
   Sewer: 377 daAuts
    D:11: 275 daAuts
  Temple: 1 daAuts
